AoeStats
← mathiusw.mane

MegaRandom

509269340Analyzed
4v4 RM · 7d ago on Sep 26, 2026· 20m 22s· 8 players
Game mode
Random Map
Map size
Large (8 player)
Population
200
Speed
Normal
Resources
Standard
Victory
Conquest
Starting age
Dark Age
Ending age
Imperial Age
RankedLock teamsTeams togetherTeam positionsShared explorationLock speedFull tech treeHidden civsTurbo modeCheats
Victory
Defeat
🇨🇱 Britons · Chile
1257
+5
🇨🇱 Franks · Chile
1063
+10
🇨🇱 Danes · Chile
992
+13
🇨🇱 Bohemians · Chile
643
+25
🇨🇱 Magyars · Chile
947
-15
🇺🇸 Huns · United States
936
-14
🇨🇴 Spanish · Colombia
933
-13
🇩🇪 Varangians · Germany
868
-11
Morvic
0:35 Loom
10:56 Feudal Age
11:41 Double-Bit Axe
11:37 Horse Collar
visikid
10:27 Feudal Age
12:25 Double-Bit Axe
13:20 Bloodlines
15:48 Town Watch
15:49 Loom
18:22 Scale Barding Armor
mathiusw.mane
5:27 Loom
11:23 Feudal Age
Mepheisto
0:36 Loom
12:18 Feudal Age
FermiGame
5:55 Loom
12:11 Feudal Age
Fideos+Salsa
0:44 Loom
15:19 Feudal Age
17:24 Wheelbarrow
16:37 Double-Bit Axe
Cuchorro
9:38 Loom
12:39 Feudal Age
15:07 Horse Collar
15:16 Double-Bit Axe
17:35 Castle Age
15:23 Arson
16:23 Scale Mail Armor
18:29 Wheelbarrow
17:52 Gold Mining
18:29 Gambesons
18:40 Stone Mining
20:15 Bow Saw
AiM | yunito000
0:38 Loom
9:14 Feudal Age
9:56 Double-Bit Axe
14:11 Fletching
18:22 Padded Archer Armor
Connection lost

Rejoining the realm…

Still unreachable

The connection could not be restored.

Session expired

The server has moved on; the page needs a fresh start.